 Dungeon Crawl Stone Soup version 0.31.0-11-ge490571c62 (webtiles) character file.

Game seed: 2822996476984730667

27 qw the Shooter (level 2, 0/14 HPs)
             Began as a Spriggan Hunter on Feb 3, 2024.
             Succumbed to their own poison gas
             ... on level 1 of the Dungeon.
             The game lasted 00:00:02 (785 turns).

qw the Shooter (Spriggan Hunter)                     Turns: 785, Time: 00:00:02

Health: 0/14       AC:  2    Str:  7    XL:     2   Next: 93%
Magic:  3/3        EV: 19    Int: 10    God:
Gold:   36         SH:  0    Dex: 18    Spells: 1/1 levels left

rFire   . . .        a - +0 shortbow
rCold   . . .        (shield currently unavailable)
rNeg    . . .        c - +0 robe
rPois   .            (helmet restricted)
rElec   .            (no cloak)
rCorr   .            (gloves unavailable)
SInv    +            (boots unavailable)
Will    .....        (no amulet)
Stlth   ++           (no ring)
HPRegen 0.22/turn    (no ring)
MPRegen 0.08/turn

%: no passive effects
@: mighty, lethally poisoned (0 -> -10), very quick
A: very small, no large weapons, unfitting armour, see invisible, speed 3
a: no special abilities


You were on level 1 of the Dungeon.
You visited 1 branch of the dungeon, and saw 1 of its levels.

You collected 36 gold pieces.


Innate Abilities, Weirdness & Mutations

You are very small and have problems with some larger weapons.
You are too small for most types of armour.
You have supernaturally acute eyesight. (SInv)
You cover ground extremely quickly. (Speed+++)


   Skills:
 - Level 1.5 Fighting
 + Level 4.4 Ranged Weapons
 - Level 4.0 Dodging
 - Level 1.5 Stealth


You had one spell level left.
You didn't know any spells.
Your spell library was empty.

Inventory:

Hand Weapons
 a - a +0 shortbow (weapon)
Armour
 c - a +0 robe (worn)
Potions
 d - a potion of might

Dungeon Overview and Level Annotations

Branches:
Dungeon (1/15)

Altars:


Message History

As you read the scroll labelled CURIUCSALEKK, it dissolves into smoke.
It was a scroll of fog.
Done exploring.
776 ||| DRINKING 2 viscous green potions.
It was a potion of might.
You feel very mighty all of a sudden.
Done exploring.
777 ||| DRINKING 2 sapphire potions.
It was a potion of curing.
You feel better.
Done exploring.
778 ||| DROPPING scroll of butterflies.
You drop a scroll of butterflies.
Done exploring.
What level of the Dungeon? (default 1, ? - help) Sorry, I don't know how to get there.
Enter note:
Enter note:
Enter note:
Enter note:
Enter note:
Enter note:
Enter note:
Enter note:
Enter note: You are engulfed in poison gas.
You are lethally poisoned!
You feel very sick.
780 ||| Stepping ~*~*~tactically~*~*~ (cloud).
You feel sick.
You see here a scroll of butterflies.
781 ||| DRINKING potion of curing.
You feel better.
781 ||| (to cure poison)
You are engulfed in poison gas.
You are lethally poisoned!
You feel very sick.
783 ||| Stepping ~*~*~tactically~*~*~ (cloud).
You feel sick.
You see here a scroll of butterflies.
There is a lethal amount of poison in your body!
You feel very sick.
There is a lethal amount of poison in your body!
You die...

#.# #.>.......# #.#
##.##.##### #.# #.##.#...#
#.# ###'##...... #.#
#..........#
#.###########.....#...##
##...........'.....#.####
###....#########.)...#...#
#......+0¤@# #.........##
#.#....###0# #.####.#..#.
#.###### #0# #.##...##...
#.# #0# #.##.#.##... #.#
#¤# #........... #.# #¤#
###..######. #.########0#
#.......#. #........#0#
##.####.#.
########.#.########....#.#.


There were no monsters in sight!

Vanquished Creatures
  2 endoplasms (D:1)
  A giant cockroach (D:1)
  A goblin (D:1)
  2 hobgoblins (D:1)
  6 jackals (D:1)
  A quokka (D:1)
  7 ball pythons (D:1)
  A frilled lizard (D:1)
  A kobold (D:1)
  2 rats (D:1)
24 creatures vanquished.

Notes
Turn   | Place    | Note
-------+----------+-------------------------------------------
     0 | D:1      | qw the Spriggan Hunter began the quest for the Orb.
     0 | D:1      | Reached XP level 1. HP: 10/10 MP: 2/2
     0 | D:1      | 0 ||| qw: Version: 0.3-a-155-g5e7d8dd
     0 | D:1      | 0 ||| qw: Game counter: 3138
     0 | D:1      | 0 ||| qw: Melee chars always use a shield: true
     0 | D:1      | 0 ||| qw: God list: Okawaru
     0 | D:1      | 0 ||| qw: Allow faded altars: false
     0 | D:1      | 0 ||| qw: Do Orc after clearing Dungeon:15 true
     0 | D:1      | 0 ||| qw: Do second Lair branch before Depths: true
     0 | D:1      | 0 ||| qw: Lair rune preference: random
     0 | D:1      | 0 ||| qw: Goals: Normal
     0 | D:1      | 0 ||| PLANNING D:1-11
    62 | D:1      | Reached skill level 3 in Dodging
   105 | D:1      | HP: 2/10 [jackal (3)]
   166 | D:1      | Reached XP level 2. HP: 14/14 MP: 3/3
   773 | D:1      | 773 ||| READING scroll labelled JEHEFU JULYIJ.
   774 | D:1      | 774 ||| READING scroll labelled NOJUHU BONUVU.
   775 | D:1      | 775 ||| READING scroll labelled CURIUCSALEKK.
   776 | D:1      | 776 ||| DRINKING 2 viscous green potions.
   777 | D:1      | 777 ||| DRINKING 2 sapphire potions.
   778 | D:1      | 778 ||| DROPPING scroll of butterflies.
   780 | D:1      | 780 ||| Stepping ~*~*~tactically~*~*~ (cloud).
   781 | D:1      | 781 ||| DRINKING potion of curing.
   781 | D:1      | 781 ||| (to cure poison)
   783 | D:1      | 783 ||| Stepping ~*~*~tactically~*~*~ (cloud).
   784 | D:1      | HP: 3/14 [poisoned by you (poison gas)]
   785 | D:1      | Succumbed to their own poison gas

Levels and vault maps discovered:
D:1:      amcnicky_arrival_flooded_fountain, layout_basic,
          minmay_misc_feat_diagonals, nicolae_concentric_dashed_squares_wild

Skill      XL: |  1  2 |
---------------+-------+-----
Dodging        | 3 4 |  4.0
Fighting       | |  1.5
Ranged Weapons | |  4.4
Stealth        | |  1.5

Action                     || total
---------------------------++-------
   Fire: Shortbow          ||    66
    Use: Scroll            ||     3
         Potion            ||     3
 Armour: Robe              ||    16
  Dodge: Dodged            ||    42

Table legend:
 A = Non-vault XP
 B = Vault XP
 C = Vault XP percentage of total XP
 D = Non-vault monster count
 E = Vault monster count
 F = Vault count percentage of total count
                 A         B        C        D         E       F
            +---------+---------+-------+---------+---------+-------
      Total |      39 |       0 |   0.0 |      24 |       0 |   0.0
            +---------+---------+-------+---------+---------+-------
        D:1 |      39 |       0 |   0.0 |      24 |       0 |   0.0
            +---------+---------+-------+---------+---------+-------
